 Dungeon Crawl Stone Soup version 0.29.0-4-gdea44cf6ec (webtiles) character file.

Game seed: 13269575730247674260

33736 qw the Cleaver (level 13, -3/103 HPs)
             Began as a Demonspawn Cinder Acolyte on Sept 9, 2022.
             Was an Initiate of Ignis.
             Engulfed by a fire crab's flame (10 damage)
             ... on level 5 of the Lair of Beasts.
             The game lasted 00:06:29 (16769 turns).

qw the Cleaver (Demonspawn Cinder Acolyte)         Turns: 16769, Time: 00:06:30

Health: -3/103     AC: 18    Str: 18 (19) XL:     13   Next: 38%
Magic:  14/14      EV:  9    Int: 16      God:    Ignis [......]
Gold:   1053       SH: 16    Dex:  9      Spells: 14/14 levels left

rFire   + . .      SeeInvis .   c - +2 broad axe (freeze)
rCold   . . .      Faith    .   b - +0 kite shield
rNeg    . . .      Spirit   .   n - +0 plate armour
rPois   +          Reflect  .   (no helmet)
rElec   .          Harm     .   (cloak unavailable)
rCorr   .          Rampage  .   g - +2 pair of gloves
Will    .....                   i - +0 pair of boots
Stlth   ..........              o - amulet of the acrobat
HPRegen 0.27/turn               j - +4 ring of evasion
MPRegen 0.14/turn               q - ring of poison resistance

@: no status effects
A: large bone plates 2, demonic magic 1, weakness stinger 3, deterioration 1,
noise suppression
a: Renounce Religion, Rising Flame


You were on level 5 of the Lair of Beasts.
You worshipped Ignis.
Ignis was noncommittal.
You visited 2 branches of the dungeon, and saw 13 of its levels.
You also visited: Sewer.

You collected 1143 gold pieces.
You spent 90 gold pieces at shops.


Innate Abilities, Weirdness & Mutations

You are mostly covered in large bone plates. (SH +6)
Spells you cast may paralyse adjacent enemies.
You have a sharp stinger which inflicts weakening toxins.
Your body sometimes deteriorates upon taking damage.
You passively dampen the noise of your surroundings.


   Skills:
 - Level 10.0 Fighting
 + Level 14.7 Axes
 - Level 4.4 Throwing
 - Level 8.0 Armour
 - Level 2.1 Dodging
 - Level 10.0 Shields
 - Level 1.0 Spellcasting
 - Level 2.6 Fire Magic


You had 14 spell levels left.
You didn't know any spells.
Your spell library contained the following spells:

 Spells                   Type           Power      Damage    Failure   Level
 Scorch                   Fire           18%        2d6       100%        2

Inventory:

Hand Weapons
 c - a +2 broad axe of freezing (weapon)
 h - a +1 hand axe of flaming
Missiles
 t - 3 boomerangs (quivered)
Armour
 b - a +0 kite shield (worn)
 g - a +2 pair of gloves (worn)
 i - a +0 pair of boots (worn)
 n - a +0 plate armour (worn)
Jewellery
 d - a +4 ring of protection
 j - a +4 ring of evasion (left hand)
 o - an amulet of the acrobat (around neck)
 q - a ring of poison resistance (right hand)
Scrolls
 a - 3 scrolls of identify
Potions
 l - 2 potions of resistance
 m - 3 potions of mutation

Dungeon Overview and Level Annotations

Branches:
Dungeon (8/15)             Temple (0/1) D:7            Lair (5/5) D:8
  Swamp (0/4) Lair:3       Spider (0/4) Lair:3        Slime (0/5) Lair:4
  Sewer (visited)

Altars:
Dithmenos
Fedhas
Hepliaklqana
Nemelex Xobeh
Okawaru
Trog
Wu Jian
Jiyva

Shops:
D:7 *

Annotations:
D:5 2 transporters, qw's ghost, novice MiBe


Message History

The fire crab claws you but does no damage.
You block the cane toad's attack.
You closely miss the cane toad.
The cane toad is severely wounded.
You barely miss the fire crab. You block the fire crab's attack.
The fire crab barely misses you. You block the cane toad's attack.
You barely miss the cane toad.
The cane toad is severely wounded.
You hit the fire crab but do no damage. You block the cane toad's attack.
The fire crab barely misses you. The fire crab claws you.
You are engulfed in flames.
You resist.
You slice the cane toad!! You freeze the cane toad.
You kill the cane toad!
You slash the fire crab! You freeze the fire crab.
The fire crab barely misses you.
The fire crab claws you but does no damage.
You slash the fire crab! You freeze the fire crab.
The fire crab is heavily wounded.
The fire crab barely misses you.
The fire crab claws you but does no damage.
You hit the fire crab. You freeze the fire crab.
The fire crab is severely wounded.
The fire crab breathes flames at you. The blast of flame misses you.
You hit the fire crab but do no damage.
Your tail-slap misses the fire crab.
The fire crab is severely wounded.
You are engulfed in blazing flames.
You resist. The fire crab breathes flames at you.
The blast of flame engulfs you. You resist.
You slash the fire crab! You freeze the fire crab.
You tail-slap the fire crab, but do no damage.
The fire crab is almost dead.
You are engulfed in blazing flames.
You resist. The fire crab breathes flames at you.
The blast of flame engulfs you but does no damage.
You hit the fire crab but do no damage.
The fire crab is almost dead.
You are engulfed in blazing flames.
You resist.
You die...

..........((..#..
......((.........
.......<....#...
...............
.............#
#........0...# ##
#...t00%..# .)###
#..P0@0..#.#....##
#...###00..##......#
. ##............###
##......#........#
~...#............#
~~##~...........#
#~~ #~..........##
#. ~~P~~..........##
#.#
~~~.~###....####.#.


You could see a fire crab.

Vanquished Creatures
  Rupert (Lair:3)
  A dire elephant (Lair:5)
  7 hydras
  A boulder beetle (Lair:5)
  A catoblepas (Lair:4)
  Urug (Lair:4)
  Amaemon (D:8)
  Pikel (D:6)
  A lindwurm (Lair:5)
  A harpy (Lair:5)
  2 oklob plants (Lair:1)
  An elephant (Lair:5)
  2 black mambas
  Joseph (D:7)
  10 cane toads
  Maggie (D:8)
  An orange demon (D:8)
  7 komodo dragons
  2 ice devils (Lair:2)
  A wind drake (Lair:5)
  3 polar bears
  Prince Ribbit (D:8)
  9 blink frogs
  A wraith (D:6)
  9 wyverns
  A steam dragon (Lair:5)
  30 yaks
  5 basilisks
  2 acid dragons (D:8)
  8 water moccasins
  3 orc warriors
  Pargi (Sewer)
  3 black bears
  3 sky beasts
  An ice beast (D:7)
  3 ogres
  12 wolves
  A centaur (D:6)
  A lemure (D:6)
  2 phantoms
  3 kobold brigands
  2 necrophages
  13 bullfrogs
  5 scorpions
  A howler monkey (D:6)
  A jelly (D:8)
  7 hounds
  6 orc priests
  2 gnoll boudas
  2 iguanas
  Natasha (D:2)
  13 orc wizards
  2 hell rats (D:7)
  14 adders
  16 gnolls
  4 river rats (D:7)
  A shadow imp (D:7)
  An ufetubus (D:4)
  2 worms
  A dart slug (D:1)
  34 orcs
  11 ball pythons
  11 endoplasms
  9 giant cockroaches
  4 goblins
  4 hobgoblins
  3 jackals (D:1)
  14 quokkas
  14 bats
  9 frilled lizards
  21 kobolds
  19 rats
393 creatures vanquished.

Vanquished Creatures (others)
  A bush (Lair:5)
  50 fungi
  93 plants
144 creatures vanquished.

Grand Total: 537 creatures vanquished

Notes
Turn   | Place    | Note
-------+----------+-------------------------------------------
     0 | D:1      | qw the Demonspawn Cinder Acolyte began the quest for the
                  | Orb.
     0 | D:1      | Reached XP level 1. HP: 18/18 MP: 2/2
     0 | D:1      | 0 ||| qw: Version: 0.1-a-113-g051387a
     0 | D:1      | 0 ||| qw: Game counter: 7345
     0 | D:1      | 0 ||| qw: Always use a shield: true
     0 | D:1      | 0 ||| qw: God list: Okawaru
     0 | D:1      | 0 ||| qw: Allow faded altars: false
     0 | D:1      | 0 ||| qw: Do Orc after D:15 true
     0 | D:1      | 0 ||| qw: Do second Lair branch before Depths: true
     0 | D:1      | 0 ||| qw: Lair rune preference: random
     0 | D:1      | 0 ||| qw: Plans: Normal
     0 | D:1      | 0 ||| PLANNING D:1-11
    66 | D:1      | Reached skill level 3 in Axes
    69 | D:1      | 69 ||| Stepping ~*~*~tactically~*~*~ (stealth).
   133 | D:1      | Gained mutation: Spells you cast may paralyse adjacent
                  | enemies. [demonic ancestry]
   133 | D:1      | Reached XP level 2. HP: 24/24 MP: 3/3
   584 | D:1      | 584 ||| Stepping ~*~*~tactically~*~*~ (stealth).
   963 | D:1      | Reached XP level 3. HP: 27/29 MP: 4/4
  1367 | D:1      | 1367 ||| UPGRADING to +0 pair of boots.
  1372 | D:1      | 1372 ||| READING scroll labelled ASKOSCH BAPN.
  1375 | D:1      | 1375 ||| READING scroll labelled COYT RATUE.
  1376 | D:1      | 1376 ||| READING scroll labelled TEUSOA OFIM.
  1477 | D:1      | 1477 ||| READING scroll labelled QOHUCUUZAJEO.
  1537 | D:2      | Reached skill level 1 in Throwing
  1590 | D:2      | 1590 ||| Stepping ~*~*~tactically~*~*~ (stealth).
  1708 | D:2      | Found a faded altar of an unknown god.
  1942 | D:2      | 1942 ||| READING scroll of enchant weapon.
  1942 | D:2      | 1942 ||| ENCHANTING +0 hand axe of flaming.
  2043 | D:2      | Reached skill level 4 in Axes
  2058 | D:2      | 2058 ||| UPGRADING to +0 leather armour.
  2076 | D:2      | 2076 ||| DROPPING +0 robe.
  2077 | D:2      | 2077 ||| UPGRADING to +0 scale mail.
  2087 | D:2      | 2087 ||| DROPPING +0 leather armour.
  2101 | D:2      | 2101 ||| UPGRADING to +0 kite shield.
  2107 | D:2      | 2107 ||| READING 3 scrolls labelled KOSKUF TISSU.
  2126 | D:2      | 2126 ||| READING 2 scrolls of identify.
  2126 | D:2      | 2126 ||| IDENTIFYING inky potion
  2127 | D:2      | 2127 ||| DROPPING potion of lignification.
  2128 | D:2      | 2128 ||| Stepping randomly (stuck).
  2219 | D:2      | Noticed Natasha
  2225 | D:2      | 2225 ||| INVOKING Fiery Armour.
  2229 | D:2      | Killed Natasha
  2230 | D:2      | Reached skill level 1 in Shields
  2230 | D:2      | Reached XP level 4. HP: 17/35 MP: 5/5
  2389 | D:2      | 2389 ||| INVOKING Fiery Armour.
  2397 | D:2      | HP: 7/35 [gnoll/+1 flail of pain (5)]
  3194 | D:3      | 3194 ||| Stepping ~*~*~tactically~*~*~ (stealth).
  3195 | D:3      | 3195 ||| Stepping ~*~*~tactically~*~*~ (stealth).
  3197 | D:3      | 3197 ||| Stepping ~*~*~tactically~*~*~ (stealth).
  3199 | D:3      | 3199 ||| Stepping ~*~*~tactically~*~*~ (stealth).
  3206 | D:3      | Gained mutation: You have a small tail. [demonic ancestry]
  3206 | D:3      | Reached XP level 5. HP: 37/41 MP: 6/6
  3259 | D:3      | 3259 ||| SWAPPING to +0 war axe.
  3319 | D:3      | Found a shadowy altar of Dithmenos.
  3417 | D:3      | 3417 ||| Stepping ~*~*~tactically~*~*~ (stealth).
  3419 | D:3      | 3419 ||| Stepping ~*~*~tactically~*~*~ (hiding).
  3423 | D:3      | 3423 ||| INVOKING Fiery Armour.
  3426 | D:3      | Reached skill level 3 in Shields
  3428 | D:3      | Reached skill level 1 in Armour
  3499 | D:3      | 3499 ||| Stepping ~*~*~tactically~*~*~ (stealth).
  3805 | D:3      | 3805 ||| UPGRADING to +4 ring of evasion.
  3806 | D:3      | 3806 ||| READING scroll labelled MEPRUS ENWUHAI.
  3807 | D:3      | 3807 ||| DRINKING 2 ruby potions.
  3808 | D:3      | 3808 ||| READING 2 scrolls of identify.
  3808 | D:3      | 3808 ||| IDENTIFYING pink potion
  3809 | D:3      | 3809 ||| DROPPING potion of flight.
  3816 | D:4      | 3816 ||| PLANNING SEWER
  3947 | D:4      | Noticed an ogre
  3948 | D:4      | 3948 ||| Stepping ~*~*~tactically~*~*~ (stealth).
  3950 | D:4      | 3950 ||| Stepping ~*~*~tactically~*~*~ (stealth).
  3957 | D:4      | Killed an ogre
  3958 | D:4      | Gained mutation: You have a tail ending in a sharp stinger.
                  | [demonic ancestry]
  3958 | D:4      | Reached XP level 6. HP: 46/47 MP: 7/7
  3998 | D:4      | Reached skill level 5 in Axes
  4007 | D:4      | Reached skill level 1 in Dodging
  4264 | D:4      | Found a hazy altar of Hepliaklqana.
  4473 | D:4      | Found a glowing drain.
  4478 | D:4      | 4478 ||| UPGRADING to +1 pair of gloves.
  4483 | D:4      | 4483 ||| UPGRADING to +0 chain mail.
  4493 | D:4      | 4493 ||| DROPPING +0 scale mail.
  4494 | D:4      | 4494 ||| READING scroll labelled YMYILI DYME.
  4495 | D:4      | 4495 ||| READING scroll labelled DOUNUY TEKHLY.
  4502 | Sewer    | Entered a sewer
  4506 | Sewer    | 4506 ||| Stepping ~*~*~tactically~*~*~ (water).
  4514 | Sewer    | 4514 ||| Stepping ~*~*~tactically~*~*~ (water).
  4531 | Sewer    | 4531 ||| Stepping ~*~*~tactically~*~*~ (water).
  4559 | Sewer    | Noticed Pargi
  4568 | Sewer    | Killed Pargi
  4657 | Sewer    | 4657 ||| READING 2 scrolls labelled ELUOVO ZAMOGUA.
  4658 | Sewer    | 4658 ||| READING 2 scrolls of identify.
  4658 | Sewer    | 4658 ||| IDENTIFYING sapphire potion
  4659 | Sewer    | 4659 ||| DROPPING scroll of fear.
  4660 | Sewer    | 4660 ||| DROPPING potion of magic.
  4666 | D:4      | 4666 ||| PLANNING D:1-11
  4681 | D:4      | 4681 ||| Stepping ~*~*~tactically~*~*~ (stealth).
  4744 | D:4      | Reached XP level 7. HP: 44/52 MP: 8/8
  4870 | D:4      | 4870 ||| READING 2 scrolls of identify.
  4870 | D:4      | 4870 ||| IDENTIFYING coppery potion
  4871 | D:4      | 4871 ||| DRINKING potion of experience.
  4871 | D:4      | Reached skill level 12 in Axes
  4871 | D:4      | Gained mutation: You are partially covered in large bone
                  | plates. (SH +4) [demonic ancestry]
  4871 | D:4      | Reached XP level 8. HP: 58/58 MP: 9/9
  4973 | D:5      | Entered Level 5 of the Dungeon
  4987 | D:5      | 4987 ||| INVOKING Fiery Armour.
  5090 | D:5      | Found a transporter.
  5176 | D:5      | Found a transporter.
  5183 | D:5      | Noticed qw's ghost (novice MiBe)
  5192 | D:5      | 5192 ||| INVOKING Fiery Armour.
  5399 | D:5      | 5399 ||| Stepping ~*~*~tactically~*~*~ (stealth).
  5401 | D:5      | 5401 ||| Stepping ~*~*~tactically~*~*~ (hiding).
  5406 | D:5      | 5406 ||| Stepping ~*~*~tactically~*~*~ (stealth).
  5422 | D:5      | 5422 ||| DRINKING 2 potions of curing.
  5422 | D:5      | 5422 ||| (to cure confusion)
  5430 | D:5      | 5430 ||| INVOKING Fiery Armour.
  5563 | D:5      | 5563 ||| FLEEEEING.
  5564 | D:5      | 5564 ||| FLEEEEING.
  5566 | D:5      | 5566 ||| FLEEEEING.
  5567 | D:5      | 5567 ||| FLEEEEING.
  5568 | D:5      | 5568 ||| FLEEEEING.
  5569 | D:5      | 5569 ||| FLEEEEING.
  5570 | D:5      | 5570 ||| FLEEEEING.
  5571 | D:5      | 5571 ||| FLEEEEING.
  5572 | D:5      | 5572 ||| FLEEEEING.
  5573 | D:5      | 5573 ||| FLEEEEING.
  5575 | D:5      | 5575 ||| STAIRDANCE
  5657 | D:4      | 5657 ||| UPGRADING to amulet of the acrobat.
  5675 | D:5      | 5675 ||| Stepping ~*~*~tactically~*~*~ (stealth).
  5676 | D:5      | 5676 ||| Stepping ~*~*~tactically~*~*~ (stealth).
  5677 | D:5      | 5677 ||| Stepping ~*~*~tactically~*~*~ (stealth).
  5761 | D:5      | 5761 ||| Stepping ~*~*~tactically~*~*~ (hiding).
  5763 | D:5      | 5763 ||| Stepping ~*~*~tactically~*~*~ (hiding).
  5772 | D:5      | 5772 ||| Stepping ~*~*~tactically~*~*~ (stealth).
  5778 | D:5      | 5778 ||| Stepping ~*~*~tactically~*~*~ (stealth).
  5973 | D:5      | 5973 ||| UPGRADING to ring of poison resistance.
  5974 | D:5      | 5974 ||| READING scroll labelled WYOSOI QYRIHI.
  5975 | D:5      | 5975 ||| READING 3 scrolls of identify.
  5975 | D:5      | 5975 ||| IDENTIFYING silvery potion
  5976 | D:5      | 5976 ||| READING 2 scrolls of identify.
  5976 | D:5      | 5976 ||| IDENTIFYING smoky dark potion
  5977 | D:5      | 5977 ||| DROPPING potion of brilliance.
  6015 | D:6      | 6015 ||| STAIRDANCE
  6029 | D:6      | 6029 ||| INVOKING Fiery Armour.
  6066 | D:6      | Reached XP level 9. HP: 49/65 MP: 10/10
  6104 | D:6      | 6104 ||| Stepping ~*~*~tactically~*~*~ (stealth).
  6136 | D:6      | Identified the +1 scale mail of Fortitude {Contam Regen+
                  | Str+4 Stlth+}
  6143 | D:6      | 6143 ||| INVOKING Fiery Armour.
  6147 | D:6      | Reached skill level 3 in Armour
  6226 | D:6      | Found an iron altar of Okawaru.
  6700 | D:6      | Found a sparkling altar of Nemelex Xobeh.
  6700 | D:6      | Found a bloodstained altar of Trog.
  6705 | D:6      | 6705 ||| UPGRADING to +1 scale mail of Fortitude {Contam
                  | Regen+ Str+4 Stlth+}.
  6715 | D:6      | 6715 ||| DROPPING +0 chain mail.
  6716 | D:6      | 6716 ||| DRINKING 2 purple potions.
  6716 | D:6      | Gained mutation: Your body sometimes deteriorates upon
                  | taking damage. [potion of mutation]
  6736 | D:7      | 6736 ||| STAIRDANCE
  6744 | D:7      | 6744 ||| STAIRDANCE
  6763 | D:7      | 6763 ||| INVOKING Fiery Armour.
  6764 | D:7      | 6764 ||| STAIRDANCE
  6774 | D:7      | 6774 ||| STAIRDANCE
  6792 | D:7      | 6792 ||| STAIRDANCE
  6806 | D:7      | 6806 ||| STAIRDANCE
  6808 | D:6      | 6808 ||| DRINKING 2 potions of curing.
  6808 | D:6      | 6808 ||| (to cure confusion)
  6811 | D:6      | 6811 ||| DRINKING potion of curing.
  6811 | D:6      | 6811 ||| (to cure confusion)
  6816 | D:7      | 6816 ||| STAIRDANCE
  6836 | D:7      | Noticed Pikel
  6837 | D:7      | 6837 ||| STAIRDANCE
  6842 | D:7      | 6842 ||| STAIRDANCE
  6847 | D:7      | 6847 ||| STAIRDANCE
  6865 | D:6      | Killed Pikel
  6866 | D:6      | Reached skill level 6 in Shields
  6898 | D:7      | 6898 ||| INVOKING Fiery Armour.
  6974 | D:7      | Noticed Joseph
  6975 | D:7      | 6975 ||| Stepping ~*~*~tactically~*~*~ (hiding).
  6988 | D:7      | Killed Joseph
  6989 | D:7      | Reached skill level 6 in Fighting
  7002 | D:7      | Found an ornate altar of the Wu Jian Council.
  7003 | D:7      | 7003 ||| READING 3 scrolls of teleportation.
  7005 | D:7      | 7005 ||| FLEEEEING.
  7023 | D:7      | Reached XP level 10. HP: 77/77 MP: 11/11
  7211 | D:7      | Found a staircase to the Ecumenical Temple.
  7230 | D:7      | 7230 ||| Stepping ~*~*~tactically~*~*~ (stealth).
  7233 | D:7      | 7233 ||| Stepping ~*~*~tactically~*~*~ (hiding).
  7238 | D:7      | 7238 ||| Stepping ~*~*~tactically~*~*~ (hiding).
  7316 | D:7      | Found Nuxojej's General Store.
  7325 | D:7      | 7325 ||| BUYING scroll of enchant armour (90 gold).
  7325 | D:7      | Bought a scroll of enchant armour for 90 gold pieces
  7325 | D:7      | 7325 ||| READING scroll of enchant armour.
  7325 | D:7      | 7325 ||| ENCHANTING +1 pair of gloves.
  7359 | D:7      | 7359 ||| Stepping ~*~*~tactically~*~*~ (stealth).
  7361 | D:7      | 7361 ||| Stepping ~*~*~tactically~*~*~ (stealth).
  7370 | D:7      | 7370 ||| Stepping ~*~*~tactically~*~*~ (hiding).
  7378 | D:7      | 7378 ||| INVOKING Fiery Armour.
  7386 | D:7      | 7386 ||| Stepping ~*~*~tactically~*~*~ (hiding).
  7395 | D:7      | 7395 ||| Stepping ~*~*~tactically~*~*~ (hiding).
  7432 | D:7      | 7432 ||| Stepping ~*~*~tactically~*~*~ (stealth).
  7449 | D:7      | 7449 ||| Stepping ~*~*~tactically~*~*~ (stealth).
  7451 | D:7      | 7451 ||| Stepping ~*~*~tactically~*~*~ (hiding).
  7489 | D:7      | 7489 ||| Stepping ~*~*~tactically~*~*~ (stealth).
  7495 | D:7      | 7495 ||| Stepping ~*~*~tactically~*~*~ (stealth).
  7590 | D:7      | 7590 ||| Stepping ~*~*~tactically~*~*~ (stealth).
  7592 | D:7      | 7592 ||| Stepping ~*~*~tactically~*~*~ (stealth).
  7593 | D:7      | 7593 ||| Stepping ~*~*~tactically~*~*~ (stealth).
  7594 | D:7      | 7594 ||| Stepping ~*~*~tactically~*~*~ (stealth).
  7745 | D:7      | 7745 ||| Stepping ~*~*~tactically~*~*~ (stealth).
  7747 | D:7      | 7747 ||| Stepping ~*~*~tactically~*~*~ (hiding).
  7772 | D:7      | 7772 ||| READING 2 scrolls labelled POALAL OCIPS.
  7773 | D:7      | 7773 ||| READING scroll labelled USTIFO GENUAK.
  7774 | D:7      | 7774 ||| DRINKING 2 sedimented golden potions.
  7879 | D:7      | 7879 ||| DROPPING potion of berserk rage.
  7880 | D:7      | 7880 ||| DROPPING scroll of amnesia.
  7959 | D:8      | 7959 ||| INVOKING Fiery Armour.
  8021 | D:8      | Noticed Prince Ribbit
  8022 | D:8      | Noticed Maggie
  8023 | D:8      | 8023 ||| Stepping ~*~*~tactically~*~*~ (stealth).
  8031 | D:8      | Killed Prince Ribbit
  8041 | D:8      | Killed Maggie
  8060 | D:8      | 8060 ||| SWAPPING to +2 war axe of draining.
  8061 | D:8      | 8061 ||| DROPPING +0 war axe.
  8120 | D:8      | 8120 ||| Stepping ~*~*~tactically~*~*~ (stealth).
  8122 | D:8      | 8122 ||| Stepping ~*~*~tactically~*~*~ (stealth).
  8123 | D:8      | 8123 ||| Stepping ~*~*~tactically~*~*~ (stealth).
  8127 | D:8      | 8127 ||| Stepping ~*~*~tactically~*~*~ (stealth).
  8128 | D:8      | 8128 ||| Stepping ~*~*~tactically~*~*~ (stealth).
  8129 | D:8      | 8129 ||| Stepping ~*~*~tactically~*~*~ (stealth).
  8175 | D:8      | 8175 ||| FLEEEEING.
  8176 | D:8      | 8176 ||| FLEEEEING.
  8180 | D:8      | 8180 ||| FLEEEEING.
  8181 | D:8      | 8181 ||| FLEEEEING.
  8182 | D:8      | 8182 ||| FLEEEEING.
  8183 | D:8      | 8183 ||| FLEEEEING.
  8184 | D:8      | 8184 ||| FLEEEEING.
  8197 | D:8      | 8197 ||| Stepping ~*~*~tactically~*~*~ (hiding).
  8344 | D:8      | Noticed Amaemon
  8344 | D:8      | Noticed an orange demon
  8349 | D:8      | 8349 ||| INVOKING Fiery Armour.
  8358 | D:8      | Killed Amaemon
  8362 | D:8      | Killed an orange demon
  8413 | D:8      | 8413 ||| Stepping ~*~*~tactically~*~*~ (stealth).
  8570 | D:8      | 8570 ||| Stepping ~*~*~tactically~*~*~ (stealth).
  8572 | D:8      | 8572 ||| Stepping ~*~*~tactically~*~*~ (hiding).
  8611 | D:8      | 8611 ||| Stepping ~*~*~tactically~*~*~ (stealth).
  8612 | D:8      | 8612 ||| Stepping ~*~*~tactically~*~*~ (stealth).
  8736 | D:8      | Found a staircase to the Lair.
  8739 | D:8      | 8739 ||| Stepping ~*~*~tactically~*~*~ (hiding).
  8746 | D:8      | Gained mutation: You have a sharp stinger which inflicts
                  | weakening toxins. [demonic ancestry]
  8746 | D:8      | Reached XP level 11. HP: 86/86 MP: 12/12
  9014 | D:8      | 9014 ||| PLANNING CONVERSION TO OKAWARU
  9073 | D:6      | 9073 ||| PLANNING D:1-11
  9073 | D:6      | 9073 ||| UPGRADING to +0 plate armour.
  9083 | D:6      | 9083 ||| DROPPING +1 scale mail of Fortitude {Contam Regen+
                  | Str+4 Stlth+}.
  9084 | D:6      | 9084 ||| READING scroll labelled FAMIFISIAD.
  9084 | D:6      | Identified a scroll of acquirement
  9084 | D:6      | 9084 ||| ACQUIRING +3 war axe of electrocution
  9084 | D:6      | Acquired a +3 war axe of electrocution
  9086 | D:6      | 9086 ||| SWAPPING to +3 war axe of electrocution.
  9087 | D:6      | 9087 ||| DROPPING +2 war axe of draining.
  9088 | D:6      | 9088 ||| READING scroll labelled HAIMNU ASMOMOY.
  9088 | D:6      | Gained mutation: You passively dampen the noise of your
                  | surroundings. [mutagenic glow]
  9089 | D:6      | 9089 ||| READING 2 scrolls of identify.
  9089 | D:6      | 9089 ||| IDENTIFYING glowing dark potion
  9090 | D:6      | 9090 ||| DROPPING potion of degeneration.
  9105 | D:5      | 9105 ||| PLANNING LAIR
  9214 | Lair:1   | Entered Level 1 of the Lair of Beasts
  9229 | Lair:1   | 9229 ||| Stepping ~*~*~tactically~*~*~ (stealth).
  9231 | Lair:1   | 9231 ||| Stepping ~*~*~tactically~*~*~ (stealth).
  9233 | Lair:1   | 9233 ||| Stepping ~*~*~tactically~*~*~ (stealth).
  9236 | Lair:1   | 9236 ||| Stepping ~*~*~tactically~*~*~ (stealth).
  9342 | Lair:1   | 9342 ||| Stepping ~*~*~tactically~*~*~ (stealth).
  9345 | Lair:1   | 9345 ||| Stepping ~*~*~tactically~*~*~ (stealth).
  9381 | Lair:1   | 9381 ||| SWAPPING to +2 broad axe of freezing.
  9382 | Lair:1   | 9382 ||| DROPPING +3 war axe of electrocution.
  9437 | Lair:1   | Noticed a seven-headed hydra
  9440 | Lair:1   | 9440 ||| SWAPPING to +1 hand axe of flaming.
  9454 | Lair:1   | Killed a one-headed hydra
  9455 | Lair:1   | 9455 ||| SWAPPING to +2 broad axe of freezing.
  9744 | Lair:1   | Reached skill level 6 in Armour
 10024 | Lair:1   | Found a blossoming altar of Fedhas.
 10026 | Lair:1   | Noticed an oklob plant
 10027 | Lair:1   | Noticed an oklob plant
 10028 | Lair:1   | 10028 ||| READING 3 scrolls of teleportation.
 10029 | Lair:1   | HP: 13/86 [oklob plant/splash of acid (25)]
 10030 | Lair:1   | 10030 ||| DRINKING 4 potions of heal wounds.
 10346 | Lair:1   | Reached skill level 9 in Shields
 10396 | Lair:1   | Noticed a catoblepas
 10399 | Lair:1   | 10399 ||| Stepping ~*~*~tactically~*~*~ (cloud).
 10409 | Lair:1   | 10409 ||| Stepping ~*~*~tactically~*~*~ (cloud).
 10411 | Lair:1   | HP: 11/86 [catoblepas (24)]
 10412 | Lair:1   | 10412 ||| READING 2 scrolls of teleportation.
 10413 | Lair:1   | 10413 ||| DRINKING 4 potions of heal wounds.
 10414 | Lair:1   | 10414 ||| Stepping ~*~*~tactically~*~*~ (cloud).
 10468 | Lair:1   | 10468 ||| Stepping ~*~*~tactically~*~*~ (stealth).
 10474 | Lair:1   | 10474 ||| Stepping ~*~*~tactically~*~*~ (stealth).
 10575 | Lair:1   | 10575 ||| Stepping ~*~*~tactically~*~*~ (stealth).
 10589 | Lair:1   | 10589 ||| Stepping ~*~*~tactically~*~*~ (stealth).
 10658 | Lair:1   | 10658 ||| Stepping ~*~*~tactically~*~*~ (cloud).
 10666 | Lair:1   | 10666 ||| Stepping ~*~*~tactically~*~*~ (cloud).
 10668 | Lair:1   | 10668 ||| Stepping ~*~*~tactically~*~*~ (cloud).
 10670 | Lair:1   | 10670 ||| Stepping ~*~*~tactically~*~*~ (cloud).
 10673 | Lair:1   | HP: 17/86 [catoblepas (13)]
 10674 | Lair:1   | 10674 ||| READING scroll of teleportation.
 10675 | Lair:1   | 10675 ||| DRINKING 3 potions of heal wounds.
 10676 | Lair:1   | 10676 ||| Stepping ~*~*~tactically~*~*~ (cloud).
 10677 | Lair:1   | 10677 ||| DRINKING 2 potions of heal wounds.
 10914 | Lair:1   | 10914 ||| Stepping ~*~*~tactically~*~*~ (stealth).
 10928 | Lair:1   | 10928 ||| Stepping ~*~*~tactically~*~*~ (stealth).
 11032 | Lair:1   | Killed an oklob plant
 11033 | Lair:1   | Reached skill level 13 in Axes
 11041 | Lair:1   | Killed an oklob plant
 11175 | Lair:2   | Noticed a five-headed hydra
 11176 | Lair:2   | 11176 ||| SWAPPING to +1 hand axe of flaming.
 11179 | Lair:2   | 11179 ||| STAIRDANCE
 11186 | Lair:1   | Killed a one-headed hydra
 11187 | Lair:1   | 11187 ||| SWAPPING to +2 broad axe of freezing.
 11237 | Lair:2   | 11237 ||| Stepping ~*~*~tactically~*~*~ (hiding).
 11775 | Lair:2   | Reached skill level 9 in Fighting
 11929 | Lair:2   | Reached XP level 12. HP: 95/95 MP: 13/13
 12225 | Lair:3   | Noticed Rupert
 12228 | Lair:3   | 12228 ||| DRINKING 2 potions of curing.
 12228 | Lair:3   | 12228 ||| (to cure confusion)
 12230 | Lair:3   | Paralysed by Rupert for 3 turns
 12236 | Lair:3   | 12236 ||| DRINKING potion of curing.
 12236 | Lair:3   | 12236 ||| (to cure confusion)
 12251 | Lair:3   | Killed Rupert
 12543 | Lair:3   | 12543 ||| FLEEEEING.
 12544 | Lair:3   | 12544 ||| FLEEEEING.
 12545 | Lair:3   | 12545 ||| FLEEEEING.
 12657 | Lair:3   | 12657 ||| Stepping ~*~*~tactically~*~*~ (stealth).
 12775 | Lair:3   | 12775 ||| Stepping ~*~*~tactically~*~*~ (stealth).
 12800 | Lair:3   | Noticed a five-headed hydra
 12803 | Lair:3   | 12803 ||| SWAPPING to +1 hand axe of flaming.
 12812 | Lair:3   | Killed a one-headed hydra
 12813 | Lair:3   | 12813 ||| SWAPPING to +2 broad axe of freezing.
 12890 | Lair:3   | 12890 ||| Stepping ~*~*~tactically~*~*~ (stealth).
 12891 | Lair:3   | 12891 ||| Stepping ~*~*~tactically~*~*~ (stealth).
 12894 | Lair:3   | 12894 ||| Stepping ~*~*~tactically~*~*~ (stealth).
 12895 | Lair:3   | 12895 ||| Stepping ~*~*~tactically~*~*~ (stealth).
 12897 | Lair:3   | 12897 ||| Stepping ~*~*~tactically~*~*~ (stealth).
 13041 | Lair:3   | 13041 ||| FLEEEEING.
 13042 | Lair:3   | 13042 ||| FLEEEEING.
 13043 | Lair:3   | 13043 ||| FLEEEEING.
 13048 | Lair:3   | 13048 ||| STAIRDANCE
 13296 | Lair:3   | Found a hole to the Spider Nest.
 13465 | Lair:3   | 13465 ||| Stepping ~*~*~tactically~*~*~ (stealth).
 13472 | Lair:3   | Reached skill level 14 in Axes
 13564 | Lair:3   | Found a staircase to the Swamp.
 13637 | Lair:3   | Noticed a seven-headed hydra
 13640 | Lair:3   | 13640 ||| SWAPPING to +1 hand axe of flaming.
 13650 | Lair:3   | Killed a one-headed hydra
 13651 | Lair:3   | 13651 ||| SWAPPING to +2 broad axe of freezing.
 13862 | Lair:3   | 13862 ||| Stepping ~*~*~tactically~*~*~ (stealth).
 14116 | Lair:4   | Found a staircase to the Slime Pits.
 14116 | Lair:4   | Found a viscous altar of Jiyva.
 14116 | Lair:4   | You fall into a shaft and drop 1 floor!
 14116 | Lair:5   | Entered Level 5 of the Lair of Beasts
 14255 | Lair:5   | Noticed a seven-headed hydra
 14256 | Lair:5   | 14256 ||| SWAPPING to +1 hand axe of flaming.
 14264 | Lair:5   | Killed a one-headed hydra
 14265 | Lair:5   | 14265 ||| SWAPPING to +2 broad axe of freezing.
 14352 | Lair:4   | 14352 ||| Stepping ~*~*~tactically~*~*~ (stealth).
 14821 | Lair:4   | 14821 ||| Stepping ~*~*~tactically~*~*~ (stealth).
 14823 | Lair:4   | 14823 ||| Stepping ~*~*~tactically~*~*~ (stealth).
 14843 | Lair:4   | Noticed Urug
 14844 | Lair:4   | 14844 ||| FLEEEEING.
 14845 | Lair:4   | 14845 ||| FLEEEEING.
 14847 | Lair:4   | 14847 ||| FLEEEEING.
 14848 | Lair:4   | 14848 ||| FLEEEEING.
 14849 | Lair:4   | 14849 ||| FLEEEEING.
 14850 | Lair:4   | 14850 ||| FLEEEEING.
 14851 | Lair:4   | 14851 ||| FLEEEEING.
 14852 | Lair:4   | 14852 ||| FLEEEEING.
 14853 | Lair:4   | 14853 ||| FLEEEEING.
 14854 | Lair:4   | 14854 ||| FLEEEEING.
 14877 | Lair:4   | Killed Urug
 15030 | Lair:4   | 15030 ||| Stepping ~*~*~tactically~*~*~ (stealth).
 15032 | Lair:4   | Noticed a catoblepas
 15033 | Lair:4   | 15033 ||| Stepping ~*~*~tactically~*~*~ (stealth).
 15043 | Lair:4   | 15043 ||| Stepping ~*~*~tactically~*~*~ (stealth).
 15050 | Lair:4   | 15050 ||| Stepping ~*~*~tactically~*~*~ (cloud).
 15051 | Lair:4   | 15051 ||| Stepping ~*~*~tactically~*~*~ (cloud).
 15052 | Lair:4   | 15052 ||| Stepping ~*~*~tactically~*~*~ (cloud).
 15053 | Lair:4   | 15053 ||| Stepping ~*~*~tactically~*~*~ (cloud).
 15055 | Lair:4   | Killed a catoblepas
 15056 | Lair:4   | Reached skill level 3 in Throwing
 15354 | Lair:4   | 15354 ||| DROPPING ring of flight.
 15444 | Lair:5   | Noticed a four-headed hydra
 15447 | Lair:5   | 15447 ||| SWAPPING to +1 hand axe of flaming.
 15458 | Lair:5   | Killed a one-headed hydra
 15459 | Lair:5   | Gained mutation: You are mostly covered in large bone
                  | plates. (SH +6) [demonic ancestry]
 15459 | Lair:5   | Reached XP level 13. HP: 83/103 MP: 14/14
 15459 | Lair:5   | 15459 ||| SWAPPING to +2 broad axe of freezing.
 15475 | Lair:5   | HP: 18/103 [wind drake/the air (10)]
 15476 | Lair:5   | 15476 ||| DRINKING potion of heal wounds.
 15496 | Lair:5   | 15496 ||| FLEEEEING.
 15497 | Lair:5   | 15497 ||| FLEEEEING.
 15498 | Lair:5   | 15498 ||| FLEEEEING.
 15500 | Lair:5   | 15500 ||| STAIRDANCE
 15917 | Lair:5   | Noticed a dire elephant
 15918 | Lair:5   | 15918 ||| FLEEEEING.
 15920 | Lair:5   | 15920 ||| FLEEEEING.
 15979 | Lair:5   | 15979 ||| FLEEEEING.
 15984 | Lair:5   | 15984 ||| STAIRDANCE
 16151 | Lair:5   | 16151 ||| Stepping ~*~*~tactically~*~*~ (stealth).
 16179 | Lair:5   | HP: 23/103 [dire elephant (16)]
 16182 | Lair:5   | Killed a dire elephant
 16364 | Lair:5   | 16364 ||| Stepping ~*~*~tactically~*~*~ (hiding).
 16409 | Lair:5   | 16409 ||| Stepping ~*~*~tactically~*~*~ (stealth).
 16444 | Lair:5   | 16444 ||| FLEEEEING.
 16651 | Lair:5   | 16651 ||| SWAPPING to +1 hand axe of flaming.
 16661 | Lair:5   | 16661 ||| SWAPPING to +2 broad axe of freezing.
 16706 | Lair:5   | 16706 ||| Stepping ~*~*~tactically~*~*~ (stealth).
 16724 | Lair:5   | HP: 24/103 [yak (12)]
 16763 | Lair:5   | HP: 19/103 [fire crab (6)]
 16767 | Lair:5   | HP: 8/103 [fire crab/blast of flame (2)]
 16769 | Lair:5   | Engulfed by a fire crab's flame

Levels and vault maps discovered:
D:1:      lemuel_arrival_muddy, layout_basic
D:2:      minmay_inner_zag, layout_basic, shapermc_ecumenical_altar_hornbeckon,
          uniq_natasha
D:3:      layout_basic, nicolae_overflow_hidden_temple
D:4:      layout_loops_cross, amcnicky_altar_gilded, gup_sewer_entry_pipe
D:5:      layout_rooms, gammafunk_ghost_stat_death, dreamdust_gnoll_farm
D:6:      layout_rooms, nicolae_overflow_two_pavilions, st_stairs_1,
          hangedman_feature_mirror
D:7:      lemuel_ratsnest, layout_cave_pools, elyvilon_altar_3,
          nicolae_wu_jian_immortal_techniques,
          minmay_temple_entry_enclosed_plants, serial_shops,
          nicolae_square_shop, uniq_joseph, uniq_pikel
D:8:      old_forge, layout_rooms, erik_lair_dragon, uniq_maggie,
          uniq_prince_ribbit1, uniq_amaemon
Lair:1:   wander_river, layout_chaotic_city, hangedman_tree_tricks,
          minivault_11, st_stairs_12, grunt_megastairs_3
Lair:2:   layout_chaotic_city, portal_ice_cave_demonic_guard
Lair:3:   layout_gridlike, swamp_mist, dummy_spider_entry, serial_forest,
          infiniplex_forest_clump_medium, infiniplex_forest_lined_2,
          infiniplex_forest_lined_corner, infiniplex_forest_lined_2,
          infiniplex_forest_side_room, infiniplex_forest_lined_corner,
          infiniplex_forest_join, serial_bayou_pond_e, grunt_megastairs_1,
          uniq_rupert
Lair:4:   layout_loops_ring, slime_entry_1, uniq_urug
Lair:5:   gammafunk_lair_ancient_temple, layout_cave_pods

Skill      XL: |  1  2  3  4  5  6  7  8  9 10 11 12 13 |
---------------+----------------------------------------+-----
Axes           | 3 4 5 12 13 14 | 14.7
Throwing       | 1 3 4 |  4.4
Shields        | 1 2 3 4 5 6 8 9 10 | 10.0
Armour         | 1 2 3 6 7 8 |  8.0
Dodging        | 1 2 |  2.1
Fighting       | 4 6 7 9 10 | 10.0
Spellcasting   | |  1.0
Fire Magic     | |  2.6

Action                   |  1- 3 |  4- 6 |  7- 9 | 10-12 | 13-15 || total
-------------------------+-------+-------+-------+-------+-------++-------
Melee: Hand axe          |   123 |    33 |       |    53 |     8 ||   217
       Punch             |     1 |       |       |       |       ||     1
       War axe           |       |   121 |   266 |   341 |       ||   728
       Tailslap          |       |     8 |    30 |   107 |    29 ||   174
       Broad axe         |       |       |       |   363 |   106 ||   469
Throw: Javelin           |    26 |    21 |     5 |     6 |    13 ||    71
       Boomerang         |       |    22 |     6 |   123 |    14 ||   165
Invok: Fiery Armour      |     1 |     2 |     7 |     3 |       ||    13
  Use: Scroll            |     7 |     6 |     5 |     9 |       ||    27
       Potion            |       |     1 |     5 |     7 |     1 ||    14
 Stab: Sleeping          |     1 |       |       |       |       ||     1
Armor: Robe              |    25 |       |       |       |       ||    25
       Scale mail        |     6 |    63 |    14 |   100 |       ||   183
       Leather armour    |     1 |       |       |       |       ||     1
       Skin              |     1 |       |       |       |       ||     1
       Chain mail        |       |    23 |    88 |       |       ||   111
       Plate armour      |       |       |       |   154 |    89 ||   243
Dodge: Dodged            |    65 |    78 |    94 |   228 |    58 ||   523
Block: Kite shield       |     2 |    63 |   162 |   441 |   116 ||   784

Table legend:
 A = Non-vault XP
 B = Vault XP
 C = Vault XP percentage of total XP
 D = Non-vault monster count
 E = Vault monster count
 F = Vault count percentage of total count
                 A         B        C        D         E       F
            +---------+---------+-------+---------+---------+-------
      Total |   32170 |   15243 |  32.1 |     291 |     101 |  25.8
            +---------+---------+-------+---------+---------+-------
        D:1 |      46 |       0 |   0.0 |      26 |       0 |   0.0
        D:2 |      98 |      46 |  31.9 |      23 |       6 |  20.7
        D:3 |     111 |       0 |   0.0 |      20 |       0 |   0.0
        D:4 |     356 |      12 |   3.3 |      16 |       6 |  27.3
        D:5 |     818 |      69 |   7.8 |      26 |       3 |  10.3
        D:6 |     974 |    1155 |  54.3 |      31 |       5 |  13.9
        D:7 |    1098 |     998 |  47.6 |      26 |      30 |  53.6
        D:8 |     958 |    3372 |  77.9 |      22 |      24 |  52.2
     Lair:1 |    7419 |    1751 |  19.1 |      31 |       4 |  11.4
     Lair:2 |    1793 |     646 |  26.5 |       9 |       2 |  18.2
     Lair:3 |    7650 |    1798 |  19.0 |      27 |       1 |   3.6
     Lair:4 |    3462 |     792 |  18.6 |      14 |       1 |   6.7
     Lair:5 |    7387 |    4449 |  37.6 |      20 |      11 |  35.5
      Sewer |       0 |     155 | 100.0 |       0 |       8 | 100.0
            +---------+---------+-------+---------+---------+-------
